 Dungeon Crawl Stone Soup version 0.23.1 (webtiles) character file.

Game seed: 936320589695729971

55 Fang the Skirmisher (level 3, -1/36 HPs)
             Began as a Gargoyle Berserker on Mar 19, 2019.
             Was a Believer of Trog.
             Slain by a gnoll
             ... wielding a +2 spear of piercing
              (4 damage)
             ... on level 2 of the Dungeon.
             The game lasted 00:01:46 (1640 turns).

Fang the Skirmisher (Gargoyle Berserker)            Turns: 1640, Time: 00:01:47

Health: -1/36      AC: 12    Str: 26    XL:     3   Next: 93%
Magic:  3/3        EV:  9    Int:  7    God:    Trog [**....]
Gold:   79         SH:  0    Dex:  9    Spells: 2/2 levels left

rFire    . . .     SeeInvis .   a - +0 hand axe
rCold    + . .     Gourm    .   (no shield)
rNeg     + . .     Faith    .   h - +0 chain mail
rPois    ∞         Spirit   .   (no helmet)
rElec    +         Reflect  .   (no cloak)
rCorr    .         Harm     .   (no gloves)
MR       .....                  (no boots)
Stlth    ..........             (no amulet)
HPRegen  0.12/turn              f - ring of protection from cold
MPRegen  0.08/turn              (no ring)

@: berserking, very quick
A: negative energy resistance 1, electricity resistance, unbreathing,
petrification resistance, rot immunity, AC +3
a: Berserk, Trog's Hand, Renounce Religion


You were on level 2 of the Dungeon.
You worshipped Trog.
Trog was pleased with you.
You were very hungry.

You visited 1 branch of the dungeon, and saw 2 of its levels.

You collected 79 gold pieces.

Inventory:

Hand Weapons
 a - a +0 hand axe (weapon)
Armour
 h - a +0 chain mail (worn)
Jewellery
 f - a ring of protection from cold (left hand)
 l - an uncursed amulet of the acrobat {unknown}
Scrolls
 b - a scroll of enchant armour {unknown}
 d - 2 scrolls of remove curse {unknown}
 e - a scroll of teleportation {unknown}
 i - 2 scrolls of amnesia {unknown}
 k - a scroll of identify {unknown}
 p - a scroll of random uselessness {unknown}
Potions
 j - 2 potions of might {unknown}
 m - a potion of brilliance {unknown}
 n - a potion of cancellation {unknown}
 o - a potion of degeneration {unknown}
Comestibles
 c - 3 rations
 g - a chunk of flesh


   Skills:
 + Level 3.8 Fighting
 + Level 3.1 Axes
 + Level 2.9 Armour
 + Level 2.2 Dodging


You had 2 spell levels left.
You didn't know any spells.
Your spell library was empty.

Dungeon Overview and Level Annotations

Branches:
Dungeon (2/15)

Altars:


Innate Abilities, Weirdness & Mutations

You are resistant to torment.
Your stone body is resilient. (AC +3)
You are immune to poison.
You resist negative energy. (rN+)
You are resistant to electric shocks. (rElec)
You can survive without breathing.
You are immune to petrification.
You are immune to rotting.


Message History

The gnoll closely misses you.
You closely miss the gnoll.
The gnoll is severely wounded.
The gnoll hits you with a +2 spear of piercing.
You barely miss the gnoll.
The gnoll is severely wounded.
The gnoll hits you with a +2 spear of piercing.
* * * LOW HITPOINT WARNING * * *
x2 You are feeling hungry.
You closely miss the gnoll.
The gnoll is severely wounded.
The gnoll hits you but does no damage.
A red film seems to cover your vision as you go berserk!
You feel yourself moving faster!
You feel mighty!
You are feeling very hungry.
The gnoll closely misses you.
You closely miss the gnoll.
The gnoll is severely wounded.
The gnoll hits you with a +2 spear of piercing.
You die...

#.# #.# #.# #.#
######.# #.###
#......# #....
#.###### ####.
####### #. #...+
#. #...### #.
#..@g[#.. #.
####'####.# #.
#..P.P..#.# #.
#.......#.# #.
####.####.# #÷ #.#
#.# #.
#.####.##########.
#..[..............
#####..#.....#####


You could see a gnoll.

Vanquished Creatures
  An adder (D:2)
  An ooze (D:1)
  2 dart slugs
  A giant cockroach (D:2)
  2 goblins
  6 hobgoblins
  2 jackals (D:2)
  7 kobolds
  A ball python (D:1)
  6 bats
  6 frilled lizards
  3 rats (D:1)
38 creatures vanquished.

Vanquished Creatures (others)
  A rat (D:1)
1 creature vanquished.

Grand Total: 39 creatures vanquished

Notes
Turn   | Place    | Note
-------+----------+-------------------------------------------
     0 | D:1      | Fang the Gargoyle Berserker began the quest for the Orb.
     0 | D:1      | Reached XP level 1. HP: 14/14 MP: 1/1
   167 | D:1      | Reached XP level 2. HP: 11/19 MP: 2/2
   502 | D:1      | Reached XP level 3. HP: 23/23 MP: 3/3
  1167 | D:2      | Reached ** piety under Trog
  1640 | D:2      | Slain by a gnoll

Skill      XL: |  1  2 |
---------------+-------+-----
Axes           | 3 |  3.1
Dodging        | 2 |  2.2
Fighting       | |  3.8
Armour         | |  2.9

Action                   || total
-------------------------++-------
Melee: Hand axe          ||   143
Invok: Berserk           ||     1
  Eat: Chunk             ||     2
Armor: Animal skin       ||     9
       Chain mail        ||    64
Dodge: Dodged            ||    73
